cohdb
Replays
Latest Replays
All Replays
Popular Replays
Top Player Replays
Match Explorer
How It Works
Community
CoH3 Stats
Reddit
Sign in to upload your games and track your stats! →
Sign in with Steam
Match 39635817
Unlisted
Match 39635817
Overview
Messages
Build Orders
End
Panzergrenadier Squad
Selects Panzerjäger Kommand Battlegroup
Selects Mine Fields
Selects Blockade Equipment
250 Light Carrier
Panzergrenadier Squad
Panzergrenadier Squad
Construct Light Support Kompanie
Selects Tank Busters
2.5-tonne Medical Truck
Fire Support Elements
Panzerjäger Mechanized Group
Flakvierling Half-track
Selects Crew Shock Tactics
Selects Early Warning
Forward Retreat Point
Pak 38 Anti-tank Gun Team
Construct Panzerarmee Kommand
Walking Stuka Rocket Launcher
Selects Butterfly Bomb Drop
Butterfly Bomb Drop
Walking Stuka Rocket Launcher
Panzer III L Medium Tank
Butterfly Bomb Drop
Selects Elefant Tank Destroyer
Flak 36 Anti-tank Gun Team
Potatohalbe
BlackStormIV
Kim Jong-un
MrMisrulent
BONES
Agua de Jamaica
0
0
Comments
sign in to comment!
No comments posted yet!